 Dungeon Sprint DCSS version 0.20-a0-1127-g1289703 (webtiles) character file.

973 potatolord6000 the Fighter (level 7, -1/64 HPs)
             Began as a Demonspawn Gladiator on May 18, 2017.
             Was an Initiate of Gozag.
             Slain by a demonic crawler (10 damage)
             ... in the Dungeon (Sprint V: "Ziggurat Sprint").
             The game lasted 00:03:34 (303 turns).

potatolord6000 the Fighter (Demonspawn Gladiator)    Turns: 303, Time: 00:03:35

Health: -1/64      AC:  8    Str: 22    XL:     7   Next: 94%
Magic:  7/7        EV: 24    Int:  8    God:    Gozag
Gold:   927        SH:  0    Dex: 19    Spells: 6/6 levels left

rFire    . . .     SeeInvis .   d - +5 lajatang (freeze)
rCold    + . .     Gourm    .   (shield currently unavailable)
rNeg     + . .     Faith    .   b - +0 leather armour
rPois    .         Spirit   .   c - +0 helmet
rElec    .         Reflect  .   (no cloak)
rCorr    .         Harm     .   (no gloves)
MR       .....     NoTele   +   (no boots)
Stlth    ++........             (no amulet)
Regen    0.2/turn               C - +6 ring of strength
MPRegen  0.1/turn               v - ring "Xacia" {+Inv rC+ rN+ Int-2 Slay+3} (curse)

@: agile, marked, gold aura, hasted, studying Translocations, very quick
A: hooves 2, yellow scales 2
a: Potion Petition, Call Merchant, Bribe Branch, Renounce Religion, Evoke
Invisibility


You were in the Dungeon.
You worshipped Gozag.
Gozag was pleased with you.
You were not hungry.

You visited 1 branch You collected 927 gold pieces.

Inventory:

Hand Weapons
 d - a +5 lajatang of freezing (weapon)
Armour
 b - a +0 leather armour (worn)
 c - a +0 helmet (worn)
Jewellery
 v - the cursed ring "Xacia" (right hand) {+Inv rC+ rN+ Int-2 Slay+3}
   (You found it in the Dungeon)

   [ring of intelligence]

   It affects your intelligence (-2).
   It affects your accuracy and damage with ranged weapons and melee attacks
   (+3).
   It protects you from cold.
   It protects you from negative energy.
   It lets you turn invisible.
   It has a curse placed upon it.
 C - a +6 ring of strength (left hand)
Scrolls
 k - 4 scrolls of blinking
 m - 4 scrolls of amnesia
 n - 3 scrolls of recharging
 o - 7 scrolls of fog
 p - 5 scrolls of identify
 q - 5 scrolls of remove curse
 r - 2 scrolls of fear
Potions
 e - 10 potions of curing
 g - 6 potions of heal wounds
 h - 3 potions of haste
 i - 7 potions of magic
 j - 3 potions of berserk rage
 s - 2 potions of brilliance
 t - 2 potions of invisibility
 u - 4 potions of resistance
 w - 5 potions of agility
 x - 3 potions of might
Books
 y - a manual of Translocations
Comestibles
 a - 42 fruits
 f - 5 bread rations
 l - 4 meat rations


   Skills:
 + Level 9.1 Fighting
 + Level 8.7 Staves
 - Level 1.7 Throwing
 + Level 7.9 Armour
 + Level 8.5 Dodging


You had 6 spell levels left.
You didn't know any spells.

Dungeon Overview and Level Annotations

Branches:
Dungeon (1/1)

Altars:
Ashenzari
Cheibriados
Dithmenos
Elyvilon
Fedhas
Gozag
Hepliaklqana
Kikubaaqudgha
Makhleb
Nemelex Xobeh
Okawaru
Qazlal
Ru
Sif Muna
Trog
Uskayaw
Vehumet
Wu Jian
Xom
Yredelemnul
Zin
The Shining One
Beogh
Jiyva
Lugonu

Annotations:
D 1 transporter


Innate Abilities, Weirdness & Mutations

You have hoof-like feet.
You are mostly covered in yellow scales. (AC +3)


Message History

The shadow imp closely misses you. The smoke demon barely misses you.
The smoke demon completely misses you. The smoke demon hits you.
* * * LOW HITPOINT WARNING * * *
You hit the smoke demon. You freeze the smoke demon.
Your kick misses the smoke demon.
The smoke demon is moderately wounded.
You are covered in liquid flames!
* * * LOW HITPOINT WARNING * * *
The demonic crawler misses you. x2; The demonic crawler hits you.
* * * LOW HITPOINT WARNING * * *
The white imp closely misses you.
You slash the smoke demon! You freeze the smoke demon.
You kick the smoke demon, but do no damage.
The smoke demon is heavily wounded.
You are covered in liquid flames!
* * * LOW HITPOINT WARNING * * *
The demonic crawler completely misses you.
The demonic crawler hits you!
You die...
Your body crumbles into a pile of gold.

▓▓▓▓▓▓▓▓▓▓▓▓▓▓▓▓▓▓▓
▓..8©8..▓ ▓..[|)..▓
▓..:[)..▓ ▓.......▓
▓.......▓ ▓.......▓
▓..5s5..▓ ▓.▓3@.▓.▓
▓.......▓ ▓▓▓▓▓▓▓▓▓


You could see a demonic crawler, a smoke demon, a white imp and a shadow imp.

Vanquished Creatures
  A worldbinder (D)
  3 phantoms (D)
  2 necrophages (D)
  2 wights (D)
  2 orc priests (D)
  An adder (D)
  A white imp (D)
  2 adder zombies (D)
  An orc (D)
  A bat skeleton (D)
  A bat zombie (D)
  3 ball pythons (D)
20 creatures vanquished.

Notes
Turn   | Place    | Note
-------+----------+-------------------------------------------
     0 | D        | potatolord6000 the Demonspawn Gladiator began the quest for the Orb.
     0 | D        | Reached XP level 1. HP: 16/16 MP: 1/1
     1 | D        | Found a blossoming altar of Fedhas.
     2 | D        | Found a viscous altar of Jiyva.
     2 | D        | Found an ancient bone altar of Kikubaaqudgha.
     2 | D        | Found a hazy altar of Hepliaklqana.
     2 | D        | Found a corrupted altar of Lugonu.
     2 | D        | Found an opulent altar of Gozag.
     2 | D        | Found a burning altar of Makhleb.
     8 | D        | Found an iron altar of Okawaru.
     8 | D        | Found a sparkling altar of Nemelex Xobeh.
     8 | D        | Found a stormy altar of Qazlal.
     8 | D        | Found a sacrificial altar of Ru.
     8 | D        | Found a deep blue altar of Sif Muna.
    32 | D        | Became a worshipper of Gozag Ym Sagoz the Greedy
    42 | D        | Found a bloodstained altar of Trog.
    68 | D        | Reached skill level 4 in Fighting
    68 | D        | Gained mutation: You have large cloven feet. [demonic ancestry]
    68 | D        | Reached XP level 2. HP: 25/25 MP: 2/2
    76 | D        | Entered arena 2.
    88 | D        | Got the cursed ring "Xacia" {+Inv rC+ rN+ Int-2 Slay+3}
    95 | D        | Entered arena 3.
    98 | D        | Gained mutation: You are partially covered in yellow scales. (AC +2) [demonic ancestry]
    98 | D        | Reached XP level 3. HP: 32/32 MP: 3/3
    99 | D        | Reached skill level 5 in Fighting
    99 | D        | Reached skill level 5 in Staves
    99 | D        | Reached skill level 5 in Dodging
    99 | D        | Reached XP level 4. HP: 39/39 MP: 4/4
   116 | D        | Entered arena 4.
   221 | D        | Entered arena 5.
   221 | D        | Noticed a necrophage
   227 | D        | Killed a necrophage
   227 | D        | Reached skill level 6 in Fighting
   227 | D        | Reached skill level 5 in Armour
   227 | D        | Gained mutation: You are mostly covered in yellow scales. (AC +3) [demonic ancestry]
   227 | D        | Reached XP level 5. HP: 46/46 MP: 5/5
   243 | D        | Entered arena 6.
   243 | D        | Noticed a phantom
   243 | D        | Noticed a necrophage
   243 | D        | Noticed a phantom
   243 | D        | Noticed a phantom
   249 | D        | Killed a phantom
   249 | D        | Reached skill level 7 in Fighting
   249 | D        | Gained mutation: You have hoof-like feet. [demonic ancestry]
   249 | D        | Reached XP level 6. HP: 54/54 MP: 6/6
   255 | D        | Reached skill level 8 in Fighting
   255 | D        | Reached XP level 7. HP: 48/61 MP: 7/7
   265 | D        | Got the ring "Wuottu Xann" {rF+ rC+}
   284 | D        | Entered arena 7.
   284 | D        | Noticed a demonic crawler
   284 | D        | Noticed a worldbinder
   284 | D        | Noticed a smoke demon
   286 | D        | Noticed a vault sentinel
   288 | D        | Noticed a yaktaur
   294 | D        | Noticed a yaktaur
   294 | D        | Noticed a yaktaur
   294 | D        | Killed a worldbinder
   294 | D        | Reached skill level 9 in Fighting
   303 | D        | Slain by a demonic crawler

Vault maps used:
D:        sprint_v

Skill      XL: |  1  2  3  4  5  6  7 |
---------------+----------------------+-----
Fighting       | 4 5 6 7 8 9 |  9.1
Staves         | 4 5 6 7 8 |  8.7
Armour         | 3 5 6 7 |  7.9
Dodging        | 4 5 6 7 8 |  8.5
Throwing       | |  1.7

Action                   |  1- 3 |  4- 6 |  7- 9 || total
-------------------------+-------+-------+-------++-------
Melee: Lajatang          |     5 |    26 |    14 ||    45
       Kick              |     1 |     9 |     9 ||    19
  Use: Potion            |     3 |     2 |     6 ||    11
       Scroll            |       |     1 |       ||     1
 Stab: Distracted        |       |     1 |       ||     1
Armor: Leather armour    |       |     9 |     9 ||    18
Dodge: Dodged            |     2 |    23 |    44 ||    69
